AoeStats
← Zeraffe

Marketplace

505011145Analyzed
1v1 RM · 24d ago on Sep 7, 2026· 23m 36s· 2 players
Game mode
Random Map
Map size
Tiny (2 player)
Population
200
Speed
Normal
Resources
Standard
Victory
Conquest
Starting age
Dark Age
Ending age
Imperial Age
RankedLock teamsTeams togetherTeam positionsShared explorationLock speedFull tech treeHidden civsTurbo modeCheats
Victory
Defeat
🇮🇳 Dravidians · India
969
+17
🇬🇧 Poles · United Kingdom
994
-17
Zeraffe
9:17 Loom
11:37 Feudal Age
12:34 Double-Bit Axe
13:46 Horse Collar
14:37 Fletching
19:58 Castle Age
19:25 Gold Mining
20:23 Padded Archer Armor
19:53 Man-at-Arms
20:13 Crossbowman
22:30 Bodkin Arrow
aijguthrie
4:38 Loom
9:27 Feudal Age
13:04 Double-Bit Axe
20:01 Castle Age
18:15 Horse Collar
20:00 Bloodlines
21:22 Bow Saw
21:29 Scale Barding Armor
23:07 Forging
Connection lost

Rejoining the realm…

Still unreachable

The connection could not be restored.

Session expired

The server has moved on; the page needs a fresh start.